 Dungeon Crawl Stone Soup version 0.13.1-19-g4b9377e (webtiles) character file.

742 Kae the Sneak (level 7, 0/32 HPs)
             Began as a Spriggan Enchanter on Dec 24, 2013.
             Succumbed to a worker ant's poison
             ... on Level 4 of the Dungeon.
             The game lasted 00:07:59 (4268 turns).

Kae the Sneak (Spriggan Enchanter)                  Turns: 4268, Time: 00:07:59

HP   0/32        AC  3     Str  6      XL: 7   Next:  5%
MP   3/20        EV 18     Int 16      God:
Gold 203         SH  0     Dex 17      Spells:  3 memorised,  7 levels left

Res.Fire  : . . .   See Invis. : +   a - +1 dagger {=f}
Res.Cold  : . . .   Warding    : .   b - +1 robe
Life Prot.: . . .   Conserve   : .   (shield restricted)
Res.Poison: .       Res.Corr.  : .   (helmet restricted)
Res.Elec. : .       Clarity    : .   (no cloak)
Sust.Abil.: . .     Spirit.Shd : .   (gloves unavailable)
Res.Mut.  : .       Stasis     : .   (boots unavailable)
Res.Rott. : .       Flight     : +   (no amulet)
Saprovore : . . .                    (no ring)
                                     (no ring)

@: flying, mildly poisoned, very quick, somewhat resistant to hostile
enchantments, very stealthy
A: unfitting armour, see invisible, herbivore 3, speed 3, slow metabolism 2
a: no special abilities


You were on level 4 of the Dungeon.
You were not hungry.

You visited 1 branch of the dungeon, and saw 4 of its levels.

You collected 183 gold pieces.

Inventory:

Hand weapons
 a - a +1,+1 dagger (weapon) {=f}
Missiles
 d - 13 darts (quivered)
 g - a steel dart
 n - 2 darts of dispersal
 B - 2 darts of frost
Armour
 b - a +1 robe (worn)
Magical devices
 o - a wand of flame (6)
 u - a wand of enslavement (2)
 C - a wand of magic darts (12)
Comestibles
 j - a choko
 k - an apple
 x - a bread ration
 z - a pear
 A - a banana
Scrolls
 e - 3 scrolls of curse weapon {unknown}
 f - a scroll of fog {unknown}
 h - 8 scrolls of identify {unknown}
 i - 6 scrolls of teleportation {unknown}
 p - 2 scrolls of amnesia {unknown}
 q - 5 scrolls of remove curse {unknown}
 v - 3 scrolls of enchant armour {unknown}
 y - a scroll of magic mapping {unknown}
Jewellery
 s - an uncursed ring of protection from magic {unknown}
Potions
 l - a potion of flight
 m - a potion of brilliance {unknown}
 r - a potion of heal wounds {unknown}
 t - 3 potions of might {unknown}
 w - a potion of restore abilities
 D - a potion of curing {unknown}
Books
 c - a book of Maledictions

   Spells                             Type                      Level
   *Corona                            Hexes                        1
   Sure Blade                         Hexes/Charms                 2
   *Ensorcelled Hibernation           Hexes/Ice                    2
   *Confuse                           Hexes                        3
   Enslavement                        Hexes                        4
   Invisibility                       Hexes                        6


   Skills:
 * Level 4.7 Short Blades
 - Level 1.1 Throwing
 - Level 3.0 Dodging
 * Level 7.4 Stealth
 + Level 3.6 Spellcasting
 + Level 5.0 Hexes


You had 7 spell levels left.
You knew the following spells:

 Your Spells              Type           Power        Failure   Level  Hunger
a - Corona                Hex            ###....      1%          1    None
b - Ensorcelled Hibernat  Hex/Ice        ##....       12%         2    ##.....
c - Confuse               Hex            ###.....     8%          3    ###....


Dungeon Overview and Level Annotations

Branches:
Dungeon (4/27)
 Temple: D:4-7

Altars:
the Shining One


Innate Abilities, Weirdness & Mutations

You are tiny and cannot use many weapons and most armour.
You have supernaturally acute eyesight.
You are a herbivore.
You cover ground extremely quickly.
You need consume almost no food.


Message History

You hit the worker ant.
The worker ant is lightly wounded.
* * * LOW HITPOINT WARNING * * *
You feel sick. The worker ant bites you!
* * * LOW HITPOINT WARNING * * *
You are more poisoned.
The worker ant poisons you!
* * * LOW HITPOINT WARNING * * *
You feel sick.
* * * LOW HITPOINT WARNING * * *
You feel sick.
Drink which item? (? for menu, Esc to quit)
You feel refreshed.
It was a potion of restore abilities.
* * * LOW HITPOINT WARNING * * *
You feel sick.
You feel a little better.
Drink which item? (? for menu, Esc to quit)
You feel very buoyant.
You fly up into the air.
It was a potion of flight.
You die...

#....# #....#
#############....########
.................##.......
.############....#.........
.# #....#......... .#
####.#......... .#
#.#.).......# .#
#@#.........# .#
#.#.a.......# '###
#a#.........# ...#
#........... ...#
###......... .......
#.######## ...#### #.#
..... ... ####### # #.#


You could see a worker ant (confused).

Vanquished Creatures
  A phantom (D:4)
  A centaur (D:4)
  2 orc priests (D:3)
  3 orc wizards
  3 worker ants (D:4)
  Jessica (D:2)
  5 adders
  A worm (D:1)
  2 grey rats (D:1)
  3 giant geckos
  6 orcs
  8 bats
  3 giant cockroaches
  7 goblins
  9 hobgoblins
  3 jackals (D:3)
  A giant newt (D:1)
  8 kobolds
  2 quokkas
  15 rats
84 creatures vanquished.

Notes
Turn   | Place    | Note
--------------------------------------------------------------
     0 | D:1      | Kae, the Spriggan Enchanter, began the quest for the Orb.
     0 | D:1      | Reached XP level 1. HP: 9/9 MP: 4/4
   230 | D:1      | Reached XP level 2. HP: 8/13 MP: 6/6
   234 | D:1      | Learned a level 2 spell: Ensorcelled Hibernation
  1002 | D:1      | Reached skill level 4 in Stealth
  1310 | D:1      | Reached XP level 3. HP: 13/16 MP: 9/9
  1800 | D:2      | Noticed Jessica
  1806 | D:2      | Killed Jessica
  1878 | D:2      | Reached XP level 4. HP: 19/21 MP: 12/12
  2074 | D:2      | Reached skill level 5 in Stealth
  2491 | D:3      | Found a glowing golden altar of the Shining One.
  2830 | D:3      | Reached XP level 5. HP: 24/24 MP: 7/15
  2924 | D:3      | Reached skill level 6 in Stealth
  3159 | D:4      | Reached XP level 6. HP: 9/28 MP: 6/18
  3779 | D:4      | Noticed a phantom
  3796 | D:4      | Learned a level 3 spell: Confuse
  3803 | D:4      | Killed a phantom
  3996 | D:4      | Noticed a centaur
  4012 | D:4      | Killed a centaur
  4012 | D:4      | Reached skill level 7 in Stealth
  4012 | D:4      | Reached skill level 5 in Hexes
  4120 | D:4      | Reached XP level 7. HP: 32/32 MP: 15/20
  4267 | D:4      | HP: 1/32 [poisoned by a worker ant]
  4268 | D:4      | Succumbed to a worker ant's poison

Action                   |  1- 3 |  4- 6 |  7- 9 || total
-------------------------+-------+-------+-------++-------
Melee: Dagger            |   108 |    87 |    17 ||   212
Throw: Dart              |     6 |       |       ||     6
 Cast: Corona            |     9 |     1 |       ||    10
       Ensorcelled Hiber |    16 |    47 |     7 ||    70
       Confuse           |       |     3 |     3 ||     6
Evoke: Wand              |       |     3 |       ||     3
  Use: Potion            |       |     1 |     2 ||     3
 Stab: Sleeping          |    22 |    33 |     1 ||    56
       Distracted        |       |     1 |       ||     1
       Confused          |       |     2 |       ||     2
